 Dungeon Crawl Stone Soup version 0.23.2-1-ga50397a6bc (webtiles) character file.

Game seed: 14756011210333920857

41 Mithandil the Skirmisher (level 3, -11/33 HPs)
             Began as a Hill Orc Fighter on May 26, 2019.
             Killed by divine providence
             ... invoked by an orc priest
              (15 damage)
             ... on level 3 of the Dungeon.
             The game lasted 00:16:46 (1371 turns).

Mithandil the Skirmisher (Hill Orc Fighter)         Turns: 1371, Time: 00:16:46

Health: -11/33     AC:  6    Str: 18    XL:     3   Next: 52%
Magic:  3/3        EV:  7    Int:  8    God:
Gold:   121        SH:  9    Dex: 11    Spells: 2/2 levels left

rFire    . . .     SeeInvis .   a - +0 war axe
rCold    . . .     Gourm    .   c - +0 shield
rNeg     . . .     Faith    .   b - +0 scale mail
rPois    .         Spirit   .   (no helmet)
rElec    .         Reflect  .   (no cloak)
rCorr    .         Harm     .   (no gloves)
MR       .....                  (no boots)
Stlth    ..........             (no amulet)
HPRegen  0.11/turn              (no ring)
MPRegen  0.08/turn              (no ring)

@: no status effects
A: no striking features
a: Convert to Beogh


You were on level 3 of the Dungeon.
You were near starving.

You visited 1 branch of the dungeon, and saw 4 of its levels.

You collected 121 gold pieces.

Inventory:

Hand Weapons
 a - a +0 war axe (weapon)
 l - a +0 dagger of venom
 o - a +2 short sword of holy wrath
Missiles
 h - 19 bolts
 k - 19 sling bullets
 p - 55 stones (quivered)
 s - 16 poisoned needles
 t - 30 arrows
Armour
 b - a +0 scale mail (worn)
 c - a +0 shield (worn)
 g - a +0 cloak
Jewellery
 m - a cursed ring of poison resistance {unknown}
Scrolls
 i - 4 scrolls of remove curse {unknown}
 j - 2 scrolls of identify {unknown}
 r - 2 scrolls of enchant armour {unknown}
 u - 2 scrolls of fear {unknown}
 v - a scroll of magic mapping {unknown}
Potions
 d - a potion of might
 e - 2 potions of flight {unknown}
 n - 2 potions of curing {unknown}
 q - 2 potions of degeneration {unknown}
Comestibles
 f - 6 rations
 w - 3 chunks of flesh


   Skills:
 + Level 4.1 Fighting
 * Level 3.7 Axes
 + Level 3.4 Armour
 + Level 0.1 Dodging
 * Level 3.8 Shields


You had 2 spell levels left.
You didn't know any spells.
Your spell library was empty.

Dungeon Overview and Level Annotations

Branches:
Dungeon (4/15)
 Temple: D:4-7

Altars:


Message History

The orc priest invokes the aid of Beogh against you.
Beogh smites you!
You closely miss the orc. The orc hits you with a +0 mace.
* * * LOW HITPOINT WARNING * * *
An orc priest comes into view. It is wielding a +0 war axe.
Your shield prevents you from hitting the orc.
You block the orc's attack. The orc hits you but does no damage.
You barely miss the orc.
The orc priest looks satisfied for a moment.
The orc barely misses you.
An orc comes into view. It is wielding a +0 short sword.
You slash the orc!
You kill the orc!
You are near starving!
The orc priest mumbles some strange prayers to Beogh against you.
Pain shoots through your body!
* * * LOW HITPOINT WARNING * * *
The orc priest mumbles some strange prayers to Beogh against you.
Beogh smites you!
You die...

#############
#...........#
#...........###### #
#..............oo. #.
#.........o.# #..
+.........o##
#.##.........#o♣♣♣♣♣♣♣♣.
#...........##♣).......♣
###...#.##### ♣@♣♣♣♣♣♣.♣
#...#)# ♣.♣ ####.....#
♣.♣ ...>.#.#..... ♣.♣
#.##.#.+..... ♣.♣
.....#.#..... ♣.♣
.......#..... ♣..
##.#.###...... .♣♣
##.#.# #......+


You could see 2 orc priests and an orc.

Vanquished Creatures
  An adder (D:2)
  A worm (D:2)
  A dart slug (D:1)
  A leopard gecko (D:1)
  2 orcs (D:3)
  8 bats
  A giant cockroach (D:3)
  2 goblins
  A hobgoblin (D:2)
  3 kobolds
  3 rats
24 creatures vanquished.

Notes
Turn   | Place    | Note
-------+----------+-------------------------------------------
     0 | D:1      | Mithandil the Hill Orc Fighter began the quest for the Orb.
     0 | D:1      | Reached XP level 1. HP: 19/19 MP: 1/1
   254 | D:1      | Reached XP level 2. HP: 27/27 MP: 2/2
   418 | D:1      | Reached skill level 4 in Fighting
   659 | D:2      | Reached XP level 3. HP: 31/33 MP: 3/3
  1371 | D:3      | Killed from afar by an orc priest

Skill      XL: |  1  2 |
---------------+-------+-----
Fighting       | 4 |  4.1
Axes           | 3 |  3.7
Armour         | |  3.4
Dodging        | |  0.1
Shields        | |  3.8

Action                   || total
-------------------------++-------
Melee: War axe           ||    80
Armor: Scale mail        ||    34
Dodge: Dodged            ||    20
Block: Shield            ||    54
